 Dungeon Crawl Stone Soup version 0.23-a0-650-ga4d50d4 (webtiles) character file.

71 silenth the Skirmisher (level 4, -3/37 HPs)
             Began as a Formicid Abyssal Knight on Jan 4, 2019.
             Was a Believer of Lugonu.
             Slain by a gnoll shaman
             ... wielding a +0 whip
              (10 damage)
             ... on level 1 of the Dungeon.
             The game lasted 00:01:55 (2021 turns).

silenth the Skirmisher (Formicid Abyssal Knight)    Turns: 2021, Time: 00:01:55

Health: -3/37      AC:  3    Str: 15 (17) XL:     4   Next: 47%
Magic:  5/5        EV: 11    Int: 10 (11) God:    Lugonu [**....]
Gold:   95         SH:  0    Dex:  9 (11) Spells: 3/3 levels left

rFire    . . .     SeeInvis +   a - +1 mace
rCold    . . .     Gourm    .   (no shield)
rNeg     . . .     Faith    .   b - +0 leather armour
rPois    .         Spirit   .   (helmet unavailable)
rElec    .         Reflect  .   (no cloak)
rCorr    .         Harm     .   (no gloves)
MR       .....                  (no boots)
Stlth    +.........             (no amulet)
HPRegen  0.12/turn              (no ring)
MPRegen  0.09/turn              (no ring)

@: no status effects
A: permanent stasis, dig shafts and tunnels, four strong arms, antennae 3
a: Dig, Shaft Self, Depart the Abyss, Bend Space, Renounce Religion


You were on level 1 of the Dungeon.
You worshipped Lugonu.
Lugonu was pleased with you.
You were hungry.

You visited 1 branch of the dungeon, and saw 2 of its levels.
You visited the Abyss 1 time.

You collected 95 gold pieces.

Inventory:

Hand Weapons
 a - a +1 mace (weapon)
Armour
 b - a +0 leather armour (worn)
Scrolls
 c - a scroll of identify {unknown}
 f - a scroll of enchant armour {unknown}
 h - a scroll of noise {unknown}
 j - 2 scrolls of fog {unknown}
 l - a scroll of random uselessness {unknown}
 n - a scroll of immolation {unknown}
 o - a scroll of enchant weapon {unknown}
Potions
 d - a potion of degeneration
 g - 2 potions of curing
 i - a potion of magic
 k - a potion of brilliance {unknown}
Comestibles
 e - 3 rations


   Skills:
 + Level 4.1 Fighting
 * Level 3.7 Maces & Flails
 - Level 2.1 Armour
 - Level 0.8 Dodging
 - Level 2.1 Invocations


You had 3 spell levels left.
You didn't know any spells.
Your spell library was empty.

Dungeon Overview and Level Annotations

Branches:
Dungeon (2/15)

Altars:


Innate Abilities, Weirdness & Mutations

You cannot be hasted, slowed, berserked, paralysed or teleported.
You can dig through walls and to a lower floor.
Your four strong arms can wield two-handed weapons with a shield.
You have a pair of large antennae on your head. (SInv)


Message History

You closely miss the gnoll shaman.
The gnoll shaman is almost dead.
The gnoll shaman prays to its god.
The gnoll shaman is healed somewhat.
You barely miss the gnoll shaman.
The gnoll shaman is heavily wounded.
The gnoll shaman hits you with a +0 whip.
You closely miss the gnoll shaman.
The gnoll shaman is heavily wounded.
The gnoll shaman hits you with a +0 whip!
* * * LOW HITPOINT WARNING * * *
You hit the gnoll shaman but do no damage.
The gnoll shaman is heavily wounded.
The gnoll shaman barely misses you.
You barely miss the gnoll shaman.
The gnoll shaman is heavily wounded.
The gnoll shaman hits you with a +0 whip.
* * * LOW HITPOINT WARNING * * *
The gnoll shaman hits you with a +0 whip!
You die...

#.#....#.....#(####...## ##.###.
..'#≈≈##.......# #...# ##....
.......#####..## #...# ####.
#.########.#.### #...# #. ....#
#........# #...##########. ....#
#..#.##..####...##......##.
....###..#............).).....##.
.................g.[(............
......#..#......@..............#.
......#........####...##.........
......#.(...#### #...##........#
####..#.##.## #...##.##.#....
(.....#.##.# #...##.##......
.###.....).###### #...##.####.#.#
(###..((........###...##.####.#.#
).......#.#####.#.............#.#
.##.....#.#####.#.##.##.#######.#


You could see a gnoll shaman.

Vanquished Creatures
  2 adders (D:2)
  A gnoll (D:2)
  An ooze (D:2)
  2 dart slugs (D:1)
  A bat (D:1)
  A giant cockroach (D:2)
  5 hobgoblins (D:1)
  3 jackals
  A ball python (D:1)
  A frilled lizard (D:1)
  5 goblins (D:1)
  8 kobolds
  4 rats (D:1)
35 creatures vanquished.

Notes
Turn   | Place    | Note
-------+----------+-------------------------------------------
     0 | Abyss:1  | silenth the Formicid Abyssal Knight began the quest for the
                  | Orb.
     0 | Abyss:1  | Reached XP level 1. HP: 18/18 MP: 2/2
    93 | Abyss:1  | Noticed an unseen horror
    95 | D:1      | Escaped the Abyss
   249 | D:1      | Reached * piety under Lugonu
   269 | D:1      | Reached XP level 2. HP: 9/24 MP: 3/3
   871 | D:1      | Reached XP level 3. HP: 12/30 MP: 4/4
  1107 | D:1      | Reached skill level 3 in Maces & Flails
  1582 | D:2      | Reached XP level 4. HP: 13/37 MP: 5/5
  1794 | D:2      | Reached skill level 4 in Fighting
  1955 | D:2      | Reached ** piety under Lugonu
  2021 | D:1      | Slain by a gnoll shaman

Vault maps used:
D:1:      dpeg_arrival_rooms_with_view

Skill      XL: |  1  2  3  4 |
---------------+-------------+-----
Maces & Flails | 3 |  3.7
Fighting       | 4 |  4.1
Armour         | |  2.1
Dodging        | |  0.8
Invocations    | |  2.1

Action                   |  1- 3 |  4- 6 || total
-------------------------+-------+-------++-------
Melee: Mace              |    88 |    32 ||   120
Invok: Depart the Abyss  |     1 |       ||     1
  Use: Potion            |     3 |       ||     3
  Eat: Chunk             |     2 |     1 ||     3
Armor: Leather armour    |    26 |     6 ||    32
Dodge: Dodged            |    63 |    23 ||    86

Table legend:
 A = Non-vault XP
 B = Vault XP
 C = Vault XP percentage of total XP
 D = Non-vault monster count
 E = Vault monster count
 F = Vault count percentage of total count
                 A         B        C        D         E       F
            +---------+---------+-------+---------+---------+-------
      Total |      98 |       4 |   3.9 |      33 |       2 |   5.7
            +---------+---------+-------+---------+---------+-------
        D:1 |      44 |       4 |   8.3 |      25 |       2 |   7.4
        D:2 |      54 |       0 |   0.0 |       8 |       0 |   0.0
            +---------+---------+-------+---------+---------+-------
